 Dungeon Crawl Stone Soup version 0.31-a0-217-g58bb5d79cf (webtiles) character file.

Game seed: 12619307279639191657

54 MacCMillion the Sneak (level 3, 0/18 HPs)
             Began as a Spriggan Warper on July 3, 2023.
             Slain by a worm (10 damage)
             ... on level 3 of the Dungeon.
             The game lasted 00:03:43 (1571 turns).

MacCMillion the Sneak (Spriggan Warper)             Turns: 1571, Time: 00:03:44

Health: 0/18       AC:  2    Str:  7    XL:     3   Next: 66%
Magic:  8/8        EV: 18    Int: 20    God:
Gold:   47         SH:  0    Dex: 16    Spells: 2/7 levels left

rFire   . . .        a - +0 short sword
rCold   . . .        (no shield)
rNeg    . . .        b - +0 robe
rPois   .            (helmet restricted)
rElec   .            (no cloak)
rCorr   .            (gloves unavailable)
SInv    +            (boots unavailable)
Will    .....        (no amulet)
Stlth   +++          h - +6 ring of intelligence
HPRegen 0.23/turn    (no ring)
MPRegen 0.11/turn

%: no passive effects
@: very quick
A: very small, no large weapons, unfitting armour, see invisible, speed 3
a: no special abilities


You were on level 3 of the Dungeon.
You visited 1 branch of the dungeon, and saw 3 of its levels.

You collected 47 gold pieces.

Inventory:

Hand Weapons
 a - a +0 short sword (weapon)
Missiles
 d - 7 boomerangs of dispersal (quivered)
 l - a boomerang
Armour
 b - a +0 robe (worn)
Jewellery
 h - a +6 ring of intelligence (left hand)
Scrolls
 c - a scroll of blinking
 e - a scroll of summoning {unknown}
 f - a scroll of immolation {unknown}
 g - a scroll of teleportation {unknown}
 i - a scroll of identify {unknown}
Potions
 j - a potion of magic {unknown}
 k - a potion of degeneration {unknown}
 m - a potion of brilliance {unknown}


   Skills:
 - Level 1.6 Fighting
 - Level 2.1 Short Blades
 - Level 1.0 Throwing
 - Level 3.2 Dodging
 + Level 5.4 Stealth
 - Level 2.6 Spellcasting
 - Level 4.4 Translocations


You had 2 spell levels left.
You knew the following spells:

 Your Spells              Type           Power      Damage    Failure   Level
a - Blink                 Tloc           40%        N/A       3%          2
b - Teleport Other        Tloc           20%        N/A       8%          3

Your spell library contained the following spells:

 Spells                   Type           Power      Damage    Failure   Level
 Lesser Beckoning         Tloc           40%        N/A       3%          2
 Momentum Strike          Conj/Tloc      22%        3d8       9%          2
 Vhi's Electric Charge    Tloc/Air       22%        N/A       19%         3
 Manifold Assault         Tloc           20%        N/A       24%         4


Dungeon Overview and Level Annotations

Branches:
Dungeon (3/15)

Altars:

Annotations:
D:2 Terence


Innate Abilities, Weirdness & Mutations

You are very small and have problems with some larger weapons.
You are too small for most types of armour.
You have supernaturally acute eyesight. (SInv)
You cover ground extremely quickly. (Speed+++)


Message History

m - a silvery potion A worm comes into view.
A worm is nearby!
Found a stone staircase leading down.
You hit the worm.
The worm is moderately wounded.
You hit the worm.
The worm is moderately wounded.
The worm bites you!
You hit the worm but do no damage.
The worm is moderately wounded.
You hit the worm. You punch the worm, but do no damage.
The worm is heavily wounded.
The worm bites you.
You are too injured to fight recklessly!
You are too injured to fight recklessly!
You are too injured to fight recklessly!
You are too injured to fight recklessly!
You hit the worm.
The worm is heavily wounded.
You hit the worm but do no damage.
The worm is heavily wounded.
The worm barely misses you.
You hit the worm.
The worm is heavily wounded.
You barely miss the worm.
The worm is heavily wounded.
The worm closely misses you.
You barely miss the worm.
The worm is heavily wounded.
You hit the worm.
The worm is severely wounded.
The worm barely misses you.
You barely miss the worm.
The worm is severely wounded.
You barely miss the worm.
The worm is severely wounded.
The worm bites you!
Ouch! That really hurt!
You die...

# ## #. #. .# ###.##.##
.# ...<....# ###.###
........# #.....#
........#######.#.#.#
........##..........
..............#.#.#.####
................@w.....#
.......>##.##.#.........
........##.##...>...##..
###.<#..##.##.####..#
##)#..##.##.# ..#
(.......##.##.# ..#
####.#.###.##.# .# #.#.#
#. #.# .# #.#..


You could see a worm.

Vanquished Creatures
  An adder (D:2)
  A dart slug (D:2)
  An orc (D:3)
  4 bats
  3 endoplasms (D:2)
  3 giant cockroaches
  6 hobgoblins
  3 jackals (D:1)
  3 kobolds
  2 quokkas (D:1)
  2 ball pythons (D:2)
  2 frilled lizards (D:1)
  2 goblins (D:1)
  4 rats
37 creatures vanquished.

Notes
Turn   | Place    | Note
-------+----------+-------------------------------------------
     0 | D:1      | MacCMillion the Spriggan Warper began the quest for the
                  | Orb.
     0 | D:1      | Reached XP level 1. HP: 10/10 MP: 5/5
    40 | D:1      | Reached skill level 1 in Stealth
   109 | D:1      | Reached skill level 2 in Stealth
   180 | D:1      | Reached XP level 2. HP: 14/14 MP: 6/6
   238 | D:1      | Reached skill level 3 in Stealth
   414 | D:1      | Reached skill level 4 in Stealth
   670 | D:2      | Reached XP level 3. HP: 18/18 MP: 8/8
   681 | D:2      | Learned a level 2 spell: Blink
   685 | D:2      | Learned a level 3 spell: Teleport Other
   810 | D:2      | Reached skill level 5 in Stealth
   936 | D:2      | Noticed Terence
  1571 | D:3      | Slain by a worm

Illustrated notes

Levels and vault maps discovered:
D:1:      mrwooster_arrival_arrow, layout_rooms, amethyst_killhole,
          minmay_liquid_box
D:2:      layout_loops_ring, uniq_terence
D:3:      layout_loops_ring, hellmonk_ecumenical_altar_run_dry

Skill      XL: |  1  2  3 |
---------------+----------+-----
Stealth        | 2 4 5 |  5.4
Fighting       | |  1.6
Short Blades   | |  2.1
Throwing       | |  1.0
Dodging        | |  3.2
Spellcasting   | |  2.6
Translocations | |  4.4

Action                     || total
---------------------------++-------
  Melee: Short sword       ||   217
         Punch             ||     2
   Stab: Sleeping          ||     6
 Armour: Robe              ||    14
  Dodge: Dodged            ||   169

Table legend: (Time is in decaauts)
 A = Elapsed time spent in this place.
 B = Non-inter-level travel time spent in this place.
 C = Inter-level travel time spent in this place.
 D = Time resting spent in this place.
 E = Time spent auto-exploring this place.
 F = Levels seen in this place.
 G = Mean time per level.
                   A        B        C        D        E       F      G
               +--------+--------+--------+--------+--------+-----+--------+
         Total |   1134 |   1070 |     64 |    147 |    559 |   3 |  378.0 |
       Dungeon |   1134 |   1070 |     64 |    147 |    559 |   3 |  378.0 |
               +--------+--------+--------+--------+--------+-----+--------+

Top non-repeatable levels by time:
     D:1: 565 daAuts
     D:2: 517 daAuts
     D:3: 52 daAuts
